 Dungeon Crawl Stone Soup version 0.22.0-21-g8bd1b0a76a (webtiles) character file.

30 Flugkiller the Ruffian (level 3, -3/37 HPs)
             Began as an Ogre Transmuter on Aug 19, 2018.
             Slain by a centaur (8 damage)
             ... on level 2 of the Dungeon.
             The game lasted 00:01:27 (1501 turns).

Flugkiller the Ruffian (Ogre Transmuter)            Turns: 1501, Time: 00:01:28

Health: -3/37      AC:  2    Str: 14    XL:     3   Next: 20%
Magic:  0/6        EV: 19    Int: 14    God:
Gold:   23         SH:  0    Dex: 15    Spells: 0/6 levels left

rFire    . . .     SeeInvis .     - Unarmed
rCold    . . .     Gourm    .   (shield currently unavailable)
rNeg     . . .     Faith    .   (armour currently unavailable)
rPois    x         Spirit   .   (helmet currently unavailable)
rElec    .         Reflect  .   (cloak currently unavailable)
rCorr    .         Harm     .   (gloves unavailable)
MR       .....                  (boots unavailable)
Stlth    +.........             (no amulet)
HPRegen  0.12/turn              (no ring)
MPRegen  0.10/turn              (no ring)

@: spider-form (expiring), very slightly contaminated
A: tiny, unfitting armour
a: End Transformation


You were on level 2 of the Dungeon.
You were not hungry.
You were a venomous arachnid creature.
You visited 1 branch of the dungeon, and saw 2 of its levels.

You collected 23 gold pieces.

Inventory:

Missiles
 a - 37 arrows
Armour
 b - a +0 robe (melded)
Jewellery
 c - an uncursed ring of protection from cold {unknown}
Scrolls
 h - a scroll of random uselessness {unknown}
 i - 2 scrolls of enchant armour {unknown}
 j - 3 scrolls of remove curse {unknown}
 k - a scroll of enchant weapon {unknown}
Potions
 e - a potion of invisibility {unknown}
 f - a potion of lignification {unknown}
 g - 3 potions of heal wounds {unknown}
 l - 2 potions of curing {unknown}
Comestibles
 d - 4 rations


   Skills:
 - Level 3.0 Fighting
 - Level 1.7 Dodging
 - Level 3.0 Unarmed Combat
 - Level 2.4 Spellcasting
 + Level 2.2 Transmutations
 + Level 0.0 Poison Magic


You couldn't memorise any spells.
You knew the following spells:

 Your Spells              Type           Power        Failure   Level  Hunger
a - Beastly Appendage     Tmut           #.....       22%         1    #......
b - Sticks to Snakes      Tmut           #.......     32%         2    ###....
c - Spider Form           Tmut/Pois      #.........   61%         3    ###....

Your spell library contained the following spells:

 Spells                   Type           Power        Failure   Level  Hunger
 Ice Form                 Ice/Tmut       #.......     93%         4    #####..
 Blade Hands              Tmut           #.........   98%         5    ######.


Dungeon Overview and Level Annotations

Branches:
Dungeon (2/15)

Altars:


Innate Abilities, Weirdness & Mutations

You are too large for most types of armour.
((You have tough skin. (AC +1)))


Message History

Unknown command.
Casting: Spider Form (slightly dangerous; 38% risk of failure)
Confirm with . or Enter, or press ? or * to list all spells.
You turn into a venomous arachnid creature.
Your +0 robe melds into your body.
The centaur hits you! The centaur misses you.
You hit the centaur but do no damage. The centaur closely misses you.
You hit the centaur.
The centaur is poisoned.
The centaur is moderately wounded.
The centaur hits you but does no damage.
The centaur closely misses you.
You hit the centaur.
The centaur looks as sick as possible!
The centaur is moderately wounded.
Your transformation is almost over.
The centaur hits you!
* * * LOW HITPOINT WARNING * * *
You closely miss the centaur.
The centaur is moderately wounded.
The centaur hits you!
You die...

#.........#.. ###
#.........).. #..
#.........##. #.#
#.........##. #.#
#.........##. #.#
######'#####. #$#
#.##.... #c#
#######.##.### #s#
#.......##...#
#(###.##########.#
#.(...# #..
####### ### # # #
#


You could see a centaur.

Vanquished Creatures
  An ooze (D:1)
  A dart slug (D:1)
  A leopard gecko (D:1)
  2 giant cockroaches (D:1)
  3 hobgoblins (D:1)
  4 bats
  A frilled lizard (D:1)
  7 kobolds
  3 rats (D:1)
23 creatures vanquished.

Notes
Turn   | Place    | Note
-------+----------+-------------------------------------------
     0 | D:1      | Flugkiller the Ogre Transmuter began the quest for the Orb.
     0 | D:1      | Reached XP level 1. HP: 19/19 MP: 3/3
   451 | D:1      | Reached XP level 2. HP: 23/28 MP: 3/5
   879 | D:1      | Learned a level 2 spell: Sticks to Snakes
   972 | D:1      | Reached XP level 3. HP: 16/37 MP: 4/6
  1419 | D:2      | Learned a level 3 spell: Spider Form
  1493 | D:2      | Noticed a centaur
  1501 | D:2      | Slain by a centaur

Skill      XL: |  1  2 |
---------------+-------+-----
Fighting       | 2 3 |  3.0
Unarmed Combat | 3 |  3.0
Transmutations | 2 |  2.2
Dodging        | |  1.7
Spellcasting   | |  2.4

Action                   || total
-------------------------++-------
Melee: Unarmed           ||    90
       Kick              ||     7
       Punch             ||     1
       Headbutt          ||     3
 Cast: Beastly Appendage ||    13
       Spider Form       ||     1
  Eat: Chunk             ||     2
Armor: Robe              ||    36
       Skin              ||     1
Dodge: Dodged            ||    63
